Map: Traitor's Exile

Players

Pursuit - Winner!

  • Race: Terran Terran
  • League: Master
  • Spawn Location: 9:00

Cuervo - Winner!

  • Race: Zerg Zerg
  • Spawn Location: 12:00

Dalmatian

  • Race: Zerg Zerg
  • Spawn Location: 6:00

Theobroma

  • Race: Terran Terran
  • League: Platinum
  • Spawn Location: 5:00

VOD

Have the link to the VOD?

Description

Time

  • Played on: Sept. 22, 2017, 5:35 p.m.
  • Length: 10:14
Show
View Real Time Build Order
Export as new Build Order

Pursuit Terran - Winner!

Build Orders: Reaper Expand, MMM Bio 

Get SALT Encoding   

  12  0:00  SCV  
  13  0:13  SCV  
  14  0:18  Supply Depot  
  14  0:25  SCV  
  15  0:40  SCV  
  16  0:44  Barracks  
  16  0:47  Refinery  
  16  0:52  SCV  
  17  1:04  SCV  
  18  1:16  SCV  
  19  1:30  Orbital Command  
  19  1:31  Reaper  
  20  1:46  Command Center  
  20  1:57  SCV  
  21  2:08  Factory  
  21  2:09  SCV  
  22  2:18  Refinery  
  22  2:21  SCV  
  23  2:26  Barracks Reactor  
  21  2:31  Supply Depot  
  21  2:34  SCV  
  22  2:46  SCV  
  23  2:59  SCV  
  22  3:13  Starport  
  22  3:15  SCV  
  22  3:16  Hellion  
  22  3:17  Hellion  
  27  3:22  Barracks Tech Lab  
  27  3:25  Orbital Command  
  27  3:27  SCV  
  28  3:40  SCV, Hellion x2  
  33  3:50  Barracks Tech Lab  
  33  3:52  SCV x2  
  35  3:55  Banshee  
  35  4:00  Cloaking Field  
  38  4:04  SCV  
  38  4:05  SCV  
  40  4:10  Supply Depot  
  40  4:14  Marine, Stimpack  
  41  4:23  SCV x2  
  43  4:24  Barracks  
  43  4:28  Factory Reactor  
  43  4:29  Barracks  
  43  4:35  SCV  
  43  4:36  Supply Depot  
  43  4:37  SCV  
  45  4:47  SCV  
  45  4:49  SCV  
  47  4:59  SCV  
  48  5:01  SCV  
  49  5:10  Supply Depot x2  
  49  5:11  SCV  
  49  5:13  SCV  
  54  5:23  Engineering Bay x2, SCV  
  54  5:25  SCV  
  53  5:34  Starport Reactor  
  53  5:35  SCV  
  54  5:36  Refinery  
  54  5:37  SCV, Refinery  
  55  5:45  Marine  
  55  5:46  Marine x4  
  55  5:47  SCV  
  62  5:50  SCV, Siege Tank  
  62  5:53  Terran Infantry Weapons Level 1  
  62  5:54  Command Center  
  65  5:58  Terran Infantry Armor Level 1  
  65  5:59  SCV  
  65  6:02  SCV  
  67  6:08  Marine x4  
  67  6:09  Marine  
  71  6:11  SCV  
  71  6:14  SCV  
  71  6:16  Medivac x2  
  77  6:26  Marine, Supply Depot  
  77  6:28  Supply Depot  
  77  6:29  SCV  
  77  6:30  SCV  
  77  6:31  Supply Depot  
  77  6:34  Siege Tank  
  76  6:43  Marine x4  
  76  6:44  Marine  
  77  6:47  Barracks  
  77  6:48  SCV x2  
  77  6:50  Barracks  
  79  6:57  Combat Shields  
  79  7:00  Marine  
  79  7:01  Marine, Medivac x2  
  85  7:15  Marine x3  
  86  7:16  Siege Tank  
  86  7:18  Marine  
  86  7:21  SCV x2, Armory  
  87  7:39  Marine  
  87  7:40  Barracks Reactor x2  
  87  7:41  Medivac x2  
  87  7:43  Marine x2  
  87  7:44  Marine x2  
  96  7:52  Siege Tank  
  96  7:55  SCV x2  
  96  7:56  Orbital Command  
  96  7:57  Marine  
  102  7:59  Missile Turret  
  102  8:01  Marine x3  
  102  8:05  Marine  
  106  8:11  Medivac x2  
  110  8:15  Marine  
  110  8:19  Marine  
  110  8:23  Marine  
  110  8:24  Marine x3  
  111  8:27  Marine x2  
  111  8:28  Marine, Siege Tank  
  117  8:36  Supply Depot x2  
  117  8:37  Marine x2, Supply Depot  
  117  8:38  SCV x2  
  117  8:41  Marine x2  
  117  8:45  SCV  
  117  8:48  Refinery x2  
  120  8:50  SCV  
  118  8:56  Marine x2  
  118  8:57  Marine x2  
  118  9:00  Marine x5  
  118  9:01  Medivac  
  118  9:12  SCV x3  
  118  9:14  Marine x4  
  123  9:18  Marine x3  
  123  9:23  Command Center, Supply Depot  
  123  9:24  Supply Depot  
  126  9:26  Marine x2  
  126  9:27  Supply Depot  
  128  9:32  Marine  
  128  9:33  Marine x2  
  128  9:34  Siege Tank  
  133  9:44  Supply Depot  
  133  9:53  Marine x5  
Show
View Real Time Build Order
Export as new Build Order

Cuervo Zerg - Winner!

Build Orders: Pool First 

Get SALT Encoding   

  12  0:01  Drone  
  13  0:13  Overlord  
  13  0:20  Drone  
  14  0:32  Drone x2  
  16  0:43  Spawning Pool  
  16  0:46  Drone  
  16  0:50  Drone  
  17  0:57  Drone  
  18  1:08  Extractor  
  18  1:11  Drone  
  18  1:25  Hatchery  
  17  1:28  Drone  
  18  1:34  Overlord  
  18  1:42  Queen  
  20  1:47  Zergling x2  
  20  1:52  Drone  
  22  2:03  Drone  
  23  2:23  Drone x2  
  23  2:27  Queen  
  23  2:28  Metabolic Boost  
  27  2:36  Drone, Baneling Nest  
  27  2:39  Queen, Extractor  
  27  2:41  Drone  
  29  2:45  Drone  
  30  3:00  Drone  
  30  3:01  Drone x4  
  35  3:07  Overlord  
  35  3:19  Zergling x2  
  36  3:31  Drone  
  36  3:32  Drone x3  
  40  3:37  Hatchery  
  39  3:42  Lair  
  39  3:47  Drone x2  
  41  3:52  Overlord  
  41  4:01  Drone x2  
  41  4:02  Drone  
  44  4:09  Queen  
  44  4:10  Overlord  
  44  4:11  Drone  
  44  4:14  Drone  
  48  4:30  Zergling x2  
  52  4:31  Zergling x14  
  52  4:35  Spine Crawler  
  51  4:46  Baneling x4  
  49  4:55  Queen  
  50  5:07  Zergling x2  
  50  5:08  Zergling x10  
  55  5:24  Drone  
  55  5:25  Drone x2  
  58  5:31  Queen  
  47  6:11  Zergling x2  
  47  6:12  Zergling x6  
  50  6:22  Spire  
  49  6:37  Hatchery  
  48  6:41  Zergling x2  
  48  6:42  Zergling x16  
  57  6:56  Baneling x6  
  57  6:57  Baneling x2  
  57  7:06  Baneling x6  
  57  7:07  Baneling x3  
  52  7:30  Extractor  
  52  7:31  Extractor  
  52  7:32  Drone x5  
  52  7:33  Drone x3  
  50  7:52  Mutalisk x6  
  62  8:01  Queen  
  64  8:08  Extractor  
  64  8:09  Extractor  
  64  8:10  Drone x2  
  64  8:11  Overlord x7  
  64  8:12  Overlord x3  
  64  8:23  Hatchery  
  63  8:29  Mutalisk  
  65  8:40  Drone  
  65  8:41  Drone x4  
  70  8:42  Mutalisk  
  70  8:43  Mutalisk  
  74  9:02  Mutalisk x2  
  78  9:11  Mutalisk  
  78  9:13  Zergling x2  
  78  9:14  Zergling x22  
  92  9:25  Mutalisk  
  92  9:26  Mutalisk x2  
  98  9:32  Zergling x2  
  98  9:33  Zergling x8  
  95  9:46  Mutalisk x3  
Show
View Real Time Build Order
Export as new Build Order

Dalmatian Zerg 

Build Orders: Hatch First 

Get SALT Encoding   

  12  0:02  Drone  
  13  0:33  Hatchery  
  12  0:40  Drone x2  
  14  0:58  Spawning Pool  
  13  1:04  Extractor  
  13  1:07  Overlord  
  12  1:16  Drone  
  13  1:22  Drone  
  14  1:27  Drone  
  15  1:38  Drone  
  16  1:46  Queen  
  18  1:51  Queen  
  20  1:55  Drone  
  21  2:06  Zergling x4  
  21  2:07  Zergling x2  
  24  2:11  Drone  
  24  2:13  Drone  
  26  2:31  Drone x2  
  26  2:33  Overlord  
  28  2:40  Metabolic Boost, Evolution Chamber  
  27  2:45  Drone  
  27  3:19  Drone x2  
  29  3:20  Drone x2  
  29  3:23  Zerg Melee Weapons Level 1  
  29  3:26  Drone x2, Extractor  
  29  3:27  Drone x4  
  36  3:43  Overlord  
  36  3:44  Overlord  
  36  4:02  Zergling x8  
  40  4:03  Drone x2  
  40  4:04  Drone x2  
  40  4:07  Extractor  
  43  4:11  Evolution Chamber  
  43  4:15  Zergling x2  
  43  4:16  Zergling x2  
  44  4:23  Drone  
  44  4:24  Drone x3  
  48  4:27  Lair  
  48  4:28  Drone x2  
  42  5:00  Zergling x4  
  42  5:01  Zergling x6  
  42  5:02  Zergling x2  
  42  5:05  Spore Crawler  
  45  5:08  Spore Crawler  
  45  5:10  Queen  
  46  5:23  Drone x3  
  49  5:34  Zerg Melee Weapons Level 2  
  49  5:35  Zerg Missile Weapons Level 1, Extractor  
  48  5:39  Hydralisk Den, Drone x2  
  48  5:40  Drone x3  
  46  5:50  Zergling x2  
  46  5:51  Zergling x4  
  46  5:52  Zergling x4  
  30  6:11  Queen  
  27  6:12  Drone  
  27  6:18  Drone x5  
  33  6:25  Muscular Augments, Hydralisk  
  35  6:26  Hydralisk  
  39  6:46  Drone  
  38  6:48  Drone x2  
  40  6:59  Drone  
  40  7:01  Drone x3  
  44  7:10  Hydralisk  
  44  7:11  Hatchery, Hydralisk  
  47  7:15  Drone  
  36  7:37  Hydralisk x4  
  36  7:39  Overlord x2  
  44  7:57  Queen  
  46  7:59  Drone  
  46  8:01  Drone x3  
  50  8:17  Drone x4  
  54  8:21  Drone x2  
  56  8:45  Zergling x6  
  56  8:46  Zergling x2  
  56  8:47  Zergling x4  
  62  8:48  Zergling x4  
  62  8:49  Zergling x4  
  62  8:50  Overlord  
  62  8:51  Overlord  
  39  9:22  Zergling x8  
  41  9:25  Zergling x2  
  41  9:26  Zergling x4  
  43  9:44  Hydralisk x3  
Show
View Real Time Build Order
Export as new Build Order

Theobroma Terran 

Build Orders: Reaper Expand 

Get SALT Encoding   

  12  0:00  SCV  
  13  0:13  SCV  
  14  0:20  Supply Depot  
  14  0:25  SCV  
  15  0:30  Refinery  
  15  0:41  SCV  
  16  0:49  Barracks  
  16  0:53  SCV  
  17  1:05  SCV  
  18  1:17  SCV  
  19  1:36  Orbital Command  
  19  1:37  Reaper  
  20  1:52  Command Center  
  20  2:04  SCV  
  21  2:15  Factory  
  21  2:18  SCV  
  21  2:21  Barracks Reactor  
  22  2:26  Refinery  
  22  2:35  SCV  
  22  2:36  Supply Depot  
  22  2:47  SCV  
  22  2:59  SCV  
  22  3:01  Cyclone  
  26  3:05  Marine  
  26  3:06  Marine  
  26  3:08  Orbital Command  
  28  3:15  SCV  
  29  3:22  Starport  
  29  3:27  Marine x2, SCV  
  32  3:34  Factory Tech Lab  
  32  3:42  SCV  
  32  3:44  SCV  
  34  3:48  Barracks  
  34  3:51  Marine x2  
  36  3:56  Engineering Bay x2  
  36  4:02  Siege Tank  
  39  4:05  Medivac  
  39  4:09  SCV  
  43  4:10  SCV  
  43  4:14  Marine  
  43  4:15  Marine  
  45  4:32  Marine  
  45  4:37  Refinery  
  46  4:39  Barracks Tech Lab  
  46  4:41  Supply Depot  
  46  4:42  Supply Depot  
  46  4:46  Terran Infantry Weapons Level 1  
  46  5:02  Marine, SCV x2, Siege Tank  
  46  5:06  Missile Turret  
  52  5:09  Missile Turret  
  51  5:14  SCV x2  
  51  5:17  Viking  
  55  5:26  SCV  
  55  5:27  SCV  
  55  5:28  Bunker  
  57  5:39  SCV x2, Siege Tank  
  61  5:45  Terran Infantry Armor Level 1  
  61  5:51  SCV  
  61  5:56  SCV  
  62  6:03  SCV  
  60  6:08  SCV  
  60  6:15  SCV  
  59  6:36  SCV x2  
  61  6:43  Marine  
  61  6:45  Stimpack  
  62  6:49  Supply Depot x2  
  62  6:53  Starport Reactor  
  62  6:57  Command Center  
  62  6:58  Barracks  
  62  6:59  Barracks  
  62  7:02  Refinery  
  62  7:10  Marine x2, SCV x2, Siege Tank  
  65  7:26  Marine  
  65  7:28  Marine x2  
  68  7:30  Viking, Medivac  
  66  7:53  Marine, Barracks Reactor x2  
  66  7:54  Marine x2  
  69  8:01  SCV x2  
  71  8:13  Armory  
  42  8:48  Orbital Command  
  42  8:58  Marine x5  
  42  8:59  Marine  
  47  9:23  Missile Turret x3  
  42  9:47  Marine x4  
  42  9:48  Marine x3  
Tags
 
Add a new tag
Caveats
  • Supply blocks, unpowered buildings, or Contaminate may cause inaccurate times.
  • Supply counts are checked every 10 seconds.